 Dungeon Crawl Stone Soup version 0.25-a0-464-g3004169c2b (webtiles) character file.

Game seed: 1977915892075089094, levelgen mode: deterministic

230 MisterFreud the Changer (level 5, -5/40 HPs)
             Began as a Draconian Transmuter on Feb 5, 2020.
             Killed from afar by Pikel (9 damage)
             ... with a burst of metal fragments
             ... on level 3 of the Dungeon.
             The game lasted 00:06:51 (3676 turns).

MisterFreud the Changer (Draconian Transmuter)      Turns: 3676, Time: 00:06:51

Health: -5/40      AC:  2    Str: 12    XL:     5   Next: 72%
Magic:  8/10       EV: 19    Int: 13    God:
Gold:   103        SH:  0    Dex: 18    Spells: 5/11 levels left

rFire    + . .     SeeInvis .     - Unarmed
rCold    x . .     Gourm    .   (shield currently unavailable)
rNeg     . . .     Faith    .   (armour unavailable)
rPois    x         Spirit   .   (helmet currently unavailable)
rElec    .         Reflect  .   (cloak currently unavailable)
rCorr    .         Harm     .   (gloves currently unavailable)
MR       .....                  (boots currently unavailable)
Stlth    ++........             (no amulet)
HPRegen  0.13/turn              j - ring of fire
MPRegen  0.12/turn              (no ring)

@: spider-form (expiring)
A: tiny, unfitting armour, AC +5
a: End Transformation


You were on level 3 of the Dungeon.
You were not hungry.
You were a venomous arachnid creature.
You visited 1 branch of the dungeon, and saw 4 of its levels.

You collected 193 gold pieces.
You spent 90 gold pieces at shops.

Inventory:

Missiles
 a - 21 arrows
 k - 85 stones (quivered)
 l - 35 poisoned darts
 m - 20 bolts
 o - 21 sling bullets
Armour
 p - a +0 hat (melded)
Jewellery
 j - a ring of fire (left front leg)
Wands
 t - a wand of random effects (19)
Scrolls
 b - 5 scrolls of remove curse {unknown}
 e - 4 scrolls of identify {unknown}
 f - 2 scrolls of random uselessness {unknown}
 g - 3 scrolls of teleportation {unknown}
 n - 3 scrolls of fog {unknown}
 r - a scroll of fear {unknown}
 s - a scroll of amnesia {unknown}
 v - 2 scrolls of enchant armour {unknown}
Potions
 d - 2 potions of ambrosia {unknown}
 h - 3 potions of curing
 i - 7 potions of heal wounds {unknown}
 u - a potion of cancellation {unknown}
Comestibles
 c - 7 rations


   Skills:
 - Level 1.1 Fighting
 - Level 1.7 Dodging
 - Level 3.1 Unarmed Combat
 + Level 3.5 Spellcasting
 * Level 5.0 Transmutations


You had 5 spell levels left.
You knew the following spells:

 Your Spells              Type           Power        Failure   Level  Hunger
a - Beastly Appendage     Tmut           ###...       10%         1    #......
b - Sticks to Snakes      Tmut           ###.....     13%         2    ##.....
c - Spider Form           Tmut/Pois      #.........   45%         3    ###....

Your spell library contained the following spells:

 Spells                   Type           Power        Failure   Level  Hunger
 Blade Hands              Tmut           ###.......   78%         5    ######.
 Ice Form                 Ice/Tmut       #.......     80%         4    #####..


Dungeon Overview and Level Annotations

Branches:
Dungeon (4/15)
 Temple: D:4-7

Altars:
Elyvilon
Gozag
Uskayaw
Zin

Shops:
D:4 (

Annotations:
D:3 Pikel
D:4 Edmund


Innate Abilities, Weirdness & Mutations

((Your plain brown scales are hard. (AC +5)))
You cannot fit into any form of body armour.
((You are cold-blooded and may be slowed by cold attacks.))


Message History

Pikel is lightly wounded.
Pikel hits you with a +1 whip of flaming!
You completely miss Pikel.
Pikel is moderately wounded.
Pikel says, "Wow, you'd add a bit of variety to my gang!"
Pikel zaps a wand.
The burst of metal fragments misses you.
The burst of metal fragments hits you! x2
* * * LOW HITPOINT WARNING * * *
The burst of metal fragments misses you. x6
Pikel says, "Wow, you'd add a bit of variety to my gang!"
Pikel closely misses you.
You climb upwards.
Your transformation is almost over.
There is a stone staircase leading down here.
Pikel zaps a wand.
The burst of metal fragments hits you.
* * * LOW HITPOINT WARNING * * *
The burst of metal fragments misses you. x4
The burst of metal fragments hits you!
You die...

###### ####### ###....##
#...... ....#...############
#.####. .##...#............#
#.# #. .##.#...##########.#
#.# #. ..............####.#
#.# #.
###.##.######...##.###### #.#
#.
#.##....).....s.K....[###.#
#.
###.###########.............#
#. .....# ####.####.##### #.
.....# ##.## #.########[
####.# ##...###...))..... #.#
#..#......)>###### #.#
#....###..#[###### #.#
#.#.####...[...... #.#
##.#........[..<..<


You could see Pikel.

Vanquished Creatures
  A slave (D:3)
  A hound (D:4)
  Robin (D:3)
  10 adders
  3 oozes
  4 dart slugs
  2 leopard geckos (D:1)
  7 orcs
  6 bats
  11 giant cockroaches
  9 goblins
  7 hobgoblins
  3 jackals (D:3)
  3 frilled lizards
  4 kobolds
  A quokka skeleton (D:4)
  9 rats
82 creatures vanquished.

Vanquished Creatures (collateral kills)
  A worm (D:2)
  A giant cockroach (D:2)
  A frilled lizard (D:2)
3 creatures vanquished.

Grand Total: 85 creatures vanquished

Notes
Turn   | Place    | Note
-------+----------+-------------------------------------------
     0 | D:1      | MisterFreud the Draconian Transmuter began the quest for
                  | the Orb.
     0 | D:1      | Reached XP level 1. HP: 16/16 MP: 3/3
   401 | D:1      | Reached XP level 2. HP: 23/23 MP: 3/5
   405 | D:1      | Learned a level 2 spell: Sticks to Snakes
   796 | D:1      | Reached skill level 3 in Transmutations
   979 | D:1      | Reached XP level 3. HP: 22/28 MP: 4/6
  1176 | D:2      | Learned a level 3 spell: Spider Form
  1725 | D:2      | Reached XP level 4. HP: 27/35 MP: 4/8
  2230 | D:2      | Reached skill level 4 in Transmutations
  2683 | D:3      | Found Zin's Purification Station.
  2683 | D:3      | Found a glowing silver altar of Zin.
  2745 | D:3      | Bought a potion of curing for 90 gold pieces
  2852 | D:3      | Reached XP level 5. HP: 39/40 MP: 9/9
  3194 | D:4      | Found Nucky's Antique Weapon Emporium.
  3194 | D:4      | Found an opulent altar of Gozag.
  3194 | D:4      | Found a white marble altar of Elyvilon.
  3194 | D:4      | Found a hide-covered altar of Uskayaw.
  3194 | D:4      | Noticed Edmund
  3227 | D:4      | Noticed Pikel
  3227 | D:4      | Noticed a slave
  3227 | D:4      | Noticed a slave
  3227 | D:4      | Noticed a slave
  3227 | D:4      | Noticed a slave
  3239 | D:3      | Killed a slave
  3407 | D:4      | Noticed Robin
  3428 | D:3      | Reached skill level 5 in Transmutations
  3606 | D:3      | Killed Robin
  3676 | D:3      | Killed from afar by Pikel

Levels and vault maps discovered:
D:1:      dpeg_arrival_short_road, layout_basic, roderic_serpentine_path
D:2:      layout_basic, first_ration, serial_co_window_serial,
          co_window_paths_b, co_window_paths_a, co_window_corner_a,
          co_window_paths_b, co_window_paths_b, co_window_paths_a,
          co_window_broadway_b, co_window_broadway_a, co_window_unsneaky_path_e,
          co_window_paths_d, glass_columns_c
D:3:      layout_loops_ring, zin_purify
D:4:      layout_cave_pools, grunt_temple_overflow_open, serial_shops, shop,
          uniq_duvessa, uniq_pikel, uniq_edmund, uniq_robin

Skill      XL: |  1  2  3  4  5 |
---------------+----------------+-----
Transmutations | 3 4 5 |  5.0
Spellcasting   | 3 |  3.5
Fighting       | |  1.1
Dodging        | |  1.7
Unarmed Combat | |  3.1

Action                   |  1- 3 |  4- 6 || total
-------------------------+-------+-------++-------
Melee: Unarmed           |    99 |   163 ||   262
       Headbutt          |    12 |     3 ||    15
       Kick              |     7 |     4 ||    11
       Tailslap          |     6 |     8 ||    14
       Punch             |     1 |     2 ||     3
 Cast: Beastly Appendage |    21 |     2 ||    23
       Sticks to Snakes  |     5 |     1 ||     6
       Spider Form       |       |    12 ||    12
  Eat: Chunk             |     3 |     8 ||    11
Armor: Skin              |    24 |    44 ||    68
Dodge: Dodged            |    54 |   162 ||   216

Table legend:
 A = Non-vault XP
 B = Vault XP
 C = Vault XP percentage of total XP
 D = Non-vault monster count
 E = Vault monster count
 F = Vault count percentage of total count
                 A         B        C        D         E       F
            +---------+---------+-------+---------+---------+-------
      Total |     303 |      26 |   7.9 |      77 |       7 |   8.3
            +---------+---------+-------+---------+---------+-------
        D:1 |      47 |       0 |   0.0 |      23 |       0 |   0.0
        D:2 |      97 |       0 |   0.0 |      23 |       0 |   0.0
        D:3 |     106 |      23 |  17.8 |      25 |       5 |  16.7
        D:4 |      53 |       3 |   5.4 |       6 |       2 |  25.0
            +---------+---------+-------+---------+---------+-------
